 Dungeon Crawl Stone Soup version 0.23.0 (webtiles) character file.

Game seed: 16248957112523841250

47338 marthius the Geomancer (level 14, -2/80 HPs)
             Began as a Deep Elf Earth Elementalist on Feb 13, 2019.
             Was the Champion of Makhleb.
             Slain by an orc warrior
             ... wielding a +0 flail
              (33 damage)
             ... on level 2 of the Orcish Mines.
             The game lasted 01:39:27 (18932 turns).

marthius the Geomancer (DEEE)                      Turns: 18932, Time: 01:39:28

Health: -2/80      AC: 13    Str: 16    XL:     14   Next: 8%
Magic:  4/42       EV: 13    Int: 25    God:    Makhleb [******]
Gold:   1834       SH:  0    Dex: 15    Spells: 21/39 levels left

rFire    + . .     SeeInvis +   V - staff of earth
rCold    x . .     Gourm    .   (no shield)
rNeg     . . .     Faith    .   n - +0 steam dragon scales
rPois    .         Spirit   .   Q - +0 hat of Fuc Duc {rF+ Regen+ Str+3}
rElec    .         Reflect  .   R - scarf {repulsion}
rCorr    .         Harm     .   x - +1 pair of gloves
MR       +....                  i - +2 pair of boots
Stlth    ++........             B - amulet of magic regeneration
HPRegen  0.63/turn              k - ring of magical power
MPRegen  0.53/turn              g - ring "Apyghek" {rC- Str+7 SInv}

@: repel missiles
A: no striking features
a: Minor Destruction, Lesser Servant of Makhleb, Major Destruction, Greater
Servant of Makhleb, Renounce Religion


You were on level 2 of the Orcish Mines.
You worshipped Makhleb.
Makhleb was exalted by your worship.
You were not hungry.

You visited 4 branches of the dungeon, and saw 19 of its levels.
You also visited: Ossuary, Bailey and Gauntlet.

You collected 2376 gold pieces.
You spent 542 gold pieces at shops.

Inventory:

Hand Weapons
 w - a +3 dagger of draining
Missiles
 b - 90 stones (quivered)
Armour
 i - a +2 pair of boots (worn)
 n - +0 steam dragon scales (worn)
 x - a +1 pair of gloves (worn)
 Q - the +0 hat of Fuc Duc (worn) {rF+ Regen+ Str+3}
   (You bought it in a shop on level 9 of the Dungeon)

   It affects your strength (+3).
   It protects you from fire.
   It increases your rate of regeneration.
 R - a scarf of repulsion (worn)
 S - the +0 helmet of the Rabble {rF+ Str-4 Dex+4 SInv}
   (You found it in a Gauntlet)

   It affects your strength (-4).
   It affects your dexterity (+4).
   It protects you from fire.
   It lets you see invisible.
 Z - a +1 scale mail of poison resistance
Magical Staves
 A - an uncursed staff of power
 V - an uncursed staff of earth (weapon)
Jewellery
 g - the ring "Apyghek" (right hand) {rC- Str+7 SInv}
   (You found it in a Gauntlet)

   [ring of see invisible]

   It affects your strength (+7).
   It makes you vulnerable to cold.
   It lets you see invisible.
 k - a ring of magical power (left hand)
 l - an uncursed amulet of regeneration {unknown}
 B - an amulet of magic regeneration (around neck)
Wands
 f - a wand of paralysis (8)
 h - a wand of flame (14)
 D - a wand of acid (6)
 L - a wand of disintegration (38)
Scrolls
 a - 15 scrolls of teleportation
 e - 8 scrolls of remove curse
 m - a scroll of fear {unknown}
 o - a scroll of random uselessness {unknown}
 p - a scroll of noise {unknown}
 q - 5 scrolls of amnesia
 r - a scroll of silence {unknown}
 z - 4 scrolls of identify
 E - a scroll of immolation {unknown}
 F - a scroll of blinking {unknown}
 P - a scroll of fog {unknown}
 T - a scroll of vulnerability {unknown}
 W - 2 scrolls of magic mapping
 Y - a scroll of torment {unknown}
Potions
 c - 2 potions of mutation
 j - 6 potions of curing
 t - 2 potions of might
 u - 2 potions of resistance
 v - 2 potions of invisibility
 H - 4 potions of berserk rage
 I - a potion of brilliance {unknown}
 J - 2 potions of magic
 K - 5 potions of flight
 M - a potion of cancellation {unknown}
 U - 2 potions of lignification {unknown}
 X - 3 potions of agility {unknown}
Miscellaneous
 s - a box of beasts
 N - a lamp of fire (inert)
 O - a lightning rod (4/4)
Comestibles
 d - 28 rations


   Skills:
 + Level 6.1 Fighting
 - Level 11.5 Armour
 - Level 2.4 Dodging
 - Level 2.4 Stealth
 - Level 13.0 Spellcasting
 - Level 5.3 Translocations
   Level 1.1 Transmutations
 + Level 7.4 Fire Magic
 - Level 13.5 Earth Magic
 + Level 8.0 Invocations


You had 21 spell levels left.
You knew the following spells:

 Your Spells              Type           Power        Failure   Level  Hunger
a - Sandblast             Erth           ######       0%          1    None
b - Stone Arrow           Conj/Erth      ######       1%          3    None
c - Lee's Rapid Deconstr  Erth           #######...   1%          5    ###....
d - Gell's Gravitas       Tloc           #####.....   1%          3    None
e - Bolt of Fire          Conj/Fire      ####......   77%         6    #####..

Your spell library contained the following spells:

 Spells                   Type           Power        Failure   Level  Hunger
 Passwall                 Tmut/Erth      ######..     1%          2    None
 Petrify                  Tmut/Erth      ######..     1%          4    None
 Leda's Liquefaction      Hex/Erth       ######....   2%          4    None
 Confusing Touch          Hex            ###...       3%          1    None
 Magic Dart               Conj           ###.         3%          1    None
 Summon Butterflies       Summ           ###.....     3%          1    None
 Ignite Poison            Fire/Tmut/Pois ####....     3%          3    None
 Searing Ray              Conj           ###...       5%          2    None
 Bolt of Magma            Conj/Fire/Erth ######....   6%          5    ###....
 Call Canine Familiar     Summ           ###.....     11%         3    None
 Confuse                  Hex            ###.....     11%         3    None
 Dazzling Spray           Conj/Hex       ###...       11%         3    None
 Force Lance              Conj/Tloc      ####....     12%         4    None
 Fireball                 Conj/Fire      ####......   22%         5    ###....
 Statue Form              Tmut/Erth      ######...    28%         6    #####..
 Fulminant Prism          Conj/Hex       ###.......   34%         4    None
 Iskenderun's Mystic Bla  Conj           ###.....     34%         4    None
 Summon Ice Beast         Ice/Summ       ###.....     34%         4    None
 Iron Shot                Conj/Erth      ######....   34%         6    #####..
 Yara's Violent Unravell  Hex/Tmut       ###.......   63%         5    ###....
 Metabolic Englaciation   Hex/Ice        ###.......   69%         5    ###....
 Summon Mana Viper        Hex/Summ       ###.....     69%         5    ###....
 Ring of Flames           Chrm/Fire      ####......   100%        7    ######.
 Summon Hydra             Summ           ###.......   100%        7    ######.
 Ignition                 Fire           ######....   100%        8    #######
 Shatter                  Erth           #######...   100%        9    #######


Dungeon Overview and Level Annotations

Branches:
Dungeon (10/15)            Temple (1/1) D:4            Lair (6/6) D:10
  Swamp (0/4) Lair:2       Spider (0/4) Lair:4        Slime (0/5) Lair:6
    Orc (2/2) D:9             Elf (0/3) Orc:2

Altars:
Ashenzari
Cheibriados
Elyvilon
Fedhas
Gozag
Hepliaklqana
Kikubaaqudgha
Makhleb
Okawaru
Qazlal
Ru
Sif Muna
Uskayaw
Wu Jian
Xom
Yredelemnul
Zin
The Shining One
Beogh

Shops:
D:8 =   D:9 ([

Annotations:
D:2 Sigmund
D:9 3 runed translucent doors, DungeonDestroyer's ghost, novice MiFi
Lair:5 exclusion: oklob plant


Message History

Press: ? - help, Shift-Dir - straight line, f/p - orc knight
Aim: an orc knight, wielding a +0 arbalest and wearing a +0 plate armour (severely wounded, unusually strong)
You feel a surge of power!
The blast of sand hits the orc knight but does no damage.
The orc knight is severely wounded.
b - 91 stones The orc knight shoots a bolt.
The bolt hits you!!
Casting: Sandblast (safe; 0% risk of failure)
Confirm with . or Enter, or press ? or * to list all spells.
Aiming: Sandblast (safe; 0% risk of failure)
Press: ? - help, Shift-Dir - straight line, f - orc warrior, p - orc knight
Aim: an orc warrior, wielding a +0 flail and wearing a +0 plate armour (unusually strong)
You feel a surge of power!
The blast of sand hits the orc warrior but does no damage.
b - 90 stones The orc warrior hits you with a +0 flail!
* * * LOW HITPOINT WARNING * * *
You feel better.
The orc warrior hits you with a +0 flail!!
You die...

... .#...#. #.. ....) ....
#######..)#######
...........#.......))......#.o
...........#.........[)....#...
.................).............
.................o....)........
................@o..(.(........
....................)(.........
.........).........))..()......
.................(..).(()......
)..................†)..†.......
.#......[..(............)......
.).............................
...............................
...............................


You could see an orc knight and an orc warrior.

Vanquished Creatures
  Gastronok (Lair:1)
  Azrael (Orc:1)
  A minotaur (Gauntlet)
  A blizzard demon (Gauntlet)
  A fire dragon (Lair:6)
  A green death (Gauntlet)
  4 hydras
  2 two-headed ogres (D:10)
  A lindwurm (Lair:6)
  An orc knight (Orc:2)
  An orc sorcerer (Orc:1)
  10 black mambas
  3 molten gargoyles (Lair:6)
  3 elephants (Lair:6)
  2 orange demons (Gauntlet)
  8 spiny frogs
  11 komodo dragons
  2 trolls (Orc:1)
  4 polar bears
  17 blink frogs
  4 dream sheep (Lair:4)
  13 hippogriffs
  13 yaks
  A hungry ghost (D:8)
  2 fire elementals (Orc:1)
  5 basilisks
  3 wyverns (Lair:6)
  A steam dragon (Lair:6)
  3 insubstantial wisps (Lair:2)
  13 water moccasins
  4 hell hounds
  12 orc warriors
  10 porcupines
  An ice beast (D:7)
  3 phantoms
  A sky beast (D:9)
  A black bear (D:10)
  A necrophage (D:10)
  5 ogres
  7 centaurs
  11 crocodiles
  17 bullfrogs
  6 gnoll sergeants (Bailey)
  8 scorpions
  A water moccasin skeleton (D:7)
  A wyvern skeleton (D:6)
  14 killer bees
  2 howler monkeys (D:6)
  9 wights
  An electric eel (D:7)
  3 crimson imps
  5 lava snakes (Lair:6)
  3 centaur zombies (Ossuary)
  A bullfrog zombie (D:8)
  3 centaur skeletons
  2 jellies
  17 orc priests
  6 gnoll shamans (Bailey)
  7 hounds
  5 orc wizards
  4 human zombies (Ossuary)
  4 iguanas
  7 hell rats (Lair:3)
  7 worker ants
  2 big kobold zombies (Ossuary)
  A hound zombie (D:8)
  3 hound skeletons
  4 mummies
  A howler monkey zombie (D:7)
  3 worker ant zombies
  7 scorpion zombies (Ossuary)
  6 adders
  27 gnolls
  2 shadow imps
  An adder zombie (D:5)
  2 worms
  2 dart slugs (D:1)
  4 leopard geckos
  59 orcs
  4 giant cockroaches
  8 goblins
  4 hobgoblins
  7 jackals
  6 quokkas
  3 ball pythons
  11 bats
  8 frilled lizards
  3 gnoll zombies (Ossuary)
  2 goblin zombies (Ossuary)
  A hobgoblin zombie (Ossuary)
  8 kobolds
  A leopard gecko skeleton (D:4)
  A quokka skeleton (D:6)
  7 rats
  5 demonic plants (Gauntlet)
  A fungus (Lair:6)
  3 plants
529 creatures vanquished.

Vanquished Creatures (collateral kills)
  Rupert (Orc:2)
  An orc high priest (Orc:2)
  2 yaks (Lair:6)
  2 basilisks
  A water moccasin (Lair:6)
  3 hell hounds (Lair:6)
  2 gnoll sergeants (Bailey)
  An orc (Orc:2)
  A demonic plant (Gauntlet)
14 creatures vanquished.

Vanquished Creatures (others)
  A demonic plant (Gauntlet)
  29 fungi
  10 plants
40 creatures vanquished.

Grand Total: 583 creatures vanquished

Notes
Turn   | Place    | Note
-------+----------+-------------------------------------------
     0 | D:1      | marthius the Deep Elf Earth Elementalist began the quest
                  | for the Orb.
     0 | D:1      | Reached XP level 1. HP: 10/10 MP: 6/6
   338 | D:1      | Reached XP level 2. HP: 15/15 MP: 6/8
   727 | D:1      | Reached XP level 3. HP: 9/19 MP: 5/10
  1168 | D:2      | Noticed Sigmund
  2311 | D:2      | Learned a level 3 spell: Stone Arrow
  2357 | D:3      | Reached XP level 4. HP: 15/24 MP: 8/12
  2527 | D:3      | Found a white marble altar of Elyvilon.
  2634 | D:3      | Found a blossoming altar of Fedhas.
  2889 | D:3      | Reached skill level 5 in Spellcasting
  3338 | D:4      | Reached skill level 5 in Earth Magic
  3341 | D:4      | Reached XP level 5. HP: 27/28 MP: 2/15
  3450 | D:4      | Found a staircase to the Ecumenical Temple.
  3460 | Temple   | Entered the Ecumenical Temple
  3496 | Temple   | Became a worshipper of Makhleb the Destroyer
  3550 | D:4      | Found an ornate altar of the Wu Jian Council.
  4126 | D:4      | Reached XP level 6. HP: 32/32 MP: 17/17
  4313 | D:5      | Entered Level 5 of the Dungeon
  4828 | D:5      | Reached XP level 7. HP: 36/36 MP: 19/20
  5517 | D:6      | Learned a level 5 spell: Lee's Rapid Deconstruction
  5681 | D:6      | Reached * piety under Makhleb
  6066 | D:6      | Reached XP level 8. HP: 34/41 MP: 23/23
  6566 | D:6      | Found a snail-covered altar of Cheibriados.
  6620 | D:6      | Reached skill level 10 in Spellcasting
  6953 | D:7      | Found a hide-covered altar of Uskayaw.
  6985 | D:7      | Found a glowing golden altar of the Shining One.
  7123 | D:7      | Reached ** piety under Makhleb
  7252 | D:7      | Found a basalt altar of Yredelemnul.
  7252 | D:7      | Found a faded altar of an unknown god.
  7268 | D:7      | Found a sacrificial altar of Ru.
  7270 | D:7      | Found a shimmering altar of Xom.
  7272 | D:7      | Found a faded altar of an unknown god.
  7382 | D:7      | Found a sand-covered staircase.
  7392 | Ossuary  | Entered an ossuary
  7405 | Ossuary  | Reached XP level 9. HP: 45/45 MP: 26/26
  7662 | Ossuary  | Reached skill level 10 in Earth Magic
  7785 | Ossuary  | Reached *** piety under Makhleb
  8197 | D:8      | Found Geogituw's Jewellery Shop.
  8206 | D:8      | Noticed a two-headed ogre
  8591 | D:8      | Found an opulent altar of Gozag.
  8772 | D:9      | Found Zydyasay's Armour Shop.
  8774 | D:9      | Found a staircase to the Orcish Mines.
  8806 | D:9      | Found Cerigudda's Weapon Shop.
  8815 | D:9      | Bought the +0 hat of Fuc Duc {rF+ Regen+ Str+3} for 267
                  | gold pieces
  8815 | D:9      | Bought a scarf of repulsion for 132 gold pieces
  8985 | D:9      | Noticed a +0 hand axe
  8986 | D:9      | Noticed a +0 dagger
  8988 | D:9      | Found a hide-covered altar of Uskayaw.
  9067 | D:9      | Found a runed translucent gate.
  9067 | D:9      | Found a runed translucent gate.
  9067 | D:9      | Found a runed translucent gate.
  9068 | D:9      | Noticed DungeonDestroyer's ghost (novice MiFi)
  9089 | D:9      | Found a stormy altar of Qazlal.
  9141 | D:9      | Reached skill level 1 in Armour
  9141 | D:9      | Reached XP level 10. HP: 50/50 MP: 29/29
  9249 | D:9      | Reached skill level 1 in Invocations
  9253 | D:9      | Reached **** piety under Makhleb
  9307 | D:9      | Found a glowing silver altar of Zin.
  9573 | D:10     | Entered Level 10 of the Dungeon
  9880 | D:10     | Noticed a two-headed ogre
  9889 | D:10     | Killed a two-headed ogre
  9889 | D:10     | Reached skill level 5 in Armour
  9995 | D:10     | Found a staircase to the Lair.
 10149 | D:10     | Noticed a two-headed ogre
 10160 | D:10     | Reached skill level 5 in Invocations
 10324 | D:10     | Killed a two-headed ogre
 10324 | D:10     | Reached XP level 11. HP: 54/54 MP: 30/30
 10513 | D:9      | Bought a +1 scale mail of poison resistance for 143 gold
                  | pieces
 10573 | Lair:1   | Entered Level 1 of the Lair of Beasts
 10746 | Lair:1   | Noticed Gastronok
 10750 | Lair:1   | Killed Gastronok
 10782 | Lair:1   | Reached ***** piety under Makhleb
 11275 | Lair:1   | Found a shimmering altar of Xom.
 11724 | Lair:2   | Found a gate leading to a gauntlet.
 11907 | Gauntlet | Entered a Gauntlet
 11907 | Gauntlet | Found a transporter.
 11907 | Gauntlet | Found a transporter.
 11918 | Gauntlet | Noticed a blizzard demon
 11918 | Gauntlet | Found a transporter.
 11921 | Gauntlet | Killed a blizzard demon
 11921 | Gauntlet | Reached XP level 12. HP: 59/59 MP: 25/31
 11953 | Gauntlet | Found a transporter.
 11957 | Gauntlet | Got a heavily runed bronze ring
 11973 | Gauntlet | Identified the ring "Apyghek" {rC- Str+7 SInv} (You found
                  | it in a Gauntlet)
 11988 | Gauntlet | Noticed a green death
 11988 | Gauntlet | Found a transporter.
 11995 | Gauntlet | Killed a green death
 12095 | Gauntlet | Got a fine helmet
 12106 | Gauntlet | Identified the cursed +0 helmet of the Rabble {rF+ Str-4
                  | Dex+4 SInv} (You found it in a Gauntlet)
 12122 | Gauntlet | Found a transporter.
 12160 | Gauntlet | Noticed a minotaur
 12169 | Gauntlet | Killed a minotaur
 12169 | Gauntlet | Reached skill level 10 in Armour
 12223 | Lair:2   | Found a staircase to the Swamp.
 12470 | Lair:2   | Noticed a four-headed hydra
 12477 | Lair:2   | Killed a four-headed hydra
 13950 | Lair:4   | Found a hole to the Spider Nest.
 14590 | Lair:5   | Learned a level 3 spell: Gell's Gravitas
 14675 | Lair:5   | Reached skill level 1 in Translocations
 14760 | Lair:5   | Reached skill level 1 in Fighting
 14839 | Lair:5   | Reached XP level 13. HP: 65/65 MP: 29/32
 15260 | Lair:6   | Entered Level 6 of the Lair of Beasts
 15794 | Lair:6   | Reached skill level 5 in Translocations
 15882 | Lair:6   | Learned a level 6 spell: Bolt of Fire
 15886 | Lair:6   | Found a staircase to the Slime Pits.
 15920 | Lair:6   | Reached skill level 1 in Fire Magic
 16160 | Lair:6   | Noticed a fire dragon
 16238 | Lair:6   | Found a large runed translucent door.
 16240 | Lair:6   | Found a large runed translucent door.
 16315 | Lair:6   | Reached skill level 5 in Fire Magic
 16320 | Lair:6   | Reached skill level 5 in Fighting
 16585 | Lair:6   | Killed a fire dragon
 17269 | Orc:1    | Entered Level 1 of the Orcish Mines
 17488 | Orc:1    | Found a flagged portal.
 17498 | Bailey   | Entered a bailey
 17723 | Bailey   | Identified the +4 plate armour "Ehep" {Slay+4}
 18358 | Orc:2    | Entered Level 2 of the Orcish Mines
 18358 | Orc:2    | Found a staircase to the Elven Halls.
 18360 | Orc:2    | Noticed Azrael
 18404 | Orc:1    | Killed Azrael
 18633 | Orc:2    | Noticed Rupert
 18649 | Orc:2    | Killed Rupert
 18649 | Orc:2    | Reached XP level 14. HP: 75/80 MP: 33/33
 18679 | Orc:2    | Found a roughly hewn altar of Beogh.
 18877 | Orc:2    | Reached ****** piety under Makhleb
 18932 | Orc:2    | Slain by an orc warrior

Skill      XL: |  1  2  3  4  5  6  7  8  9 10 11 12 13 14 |
---------------+-------------------------------------------+-----
Spellcasting   | 4 5 6 7 9 11 13 | 13.0
Earth Magic    | 4 5 6 7 9 11 12 13 | 13.5
Armour         | 1 6 9 11 | 11.5
Invocations    | 5 7 8 |  8.0
Translocations | 1 5 |  5.3
Fighting       | 1 6 |  6.1
Fire Magic     | 7 |  7.4
Dodging        | |  2.4
Stealth        | |  2.4
Transmutations | |  1.1

Action                   |  1- 3 |  4- 6 |  7- 9 | 10-12 | 13-15 || total
-------------------------+-------+-------+-------+-------+-------++-------
Melee: Dagger            |   115 |    50 |     4 |       |       ||   169
       Staff             |       |       |     8 |    13 |       ||    21
 Cast: Sandblast         |    36 |    61 |    80 |   129 |    63 ||   369
       Stone Arrow       |       |    12 |   167 |   141 |   116 ||   436
       Lee's Rapid Decon |       |       |    10 |    51 |    93 ||   154
       Gell's Gravitas   |       |       |       |     1 |     5 ||     6
Invok: Lesser Servant of |       |       |       |     9 |    14 ||    23
Evoke: Lamp of fire      |       |       |       |       |     1 ||     1
  Use: Scroll            |       |     5 |     9 |     6 |     2 ||    22
       Potion            |       |     1 |     1 |     3 |     2 ||     7
 Stab: Sleeping          |     3 |     2 |     1 |       |       ||     6
  Eat: Chunk             |     4 |     8 |    11 |    15 |     9 ||    47
       Ration            |       |       |     1 |     2 |     3 ||     6
Armor: Robe              |    36 |    30 |    16 |     5 |       ||    87
       Scale mail        |       |       |       |    61 |    19 ||    80
       Steam dragon scal |       |       |       |       |    19 ||    19
Dodge: Dodged            |   101 |    76 |    51 |    76 |    66 ||   370
       Deflected         |       |       |       |     6 |     8 ||    14
